Description

Marine Hellbat Timing Push going out at 4:15~ish with 6 Hellbats/4 Marines/1 Medivac

Build Order

Get SALT Encoding   

  13  0:00   SCV  
  13  0:14   Supply Depot  
  14  0:18   SCV  
  15  0:30   SCV  
  15  0:37   Barracks  
  15  0:42   Refinery  
  16  0:46   SCV  
  17  0:58   SCV  
  18  1:10   SCV  
  18  1:23   Orbital Command  
  19  1:29   Reaper  
  19  1:43   Command Center  
  20  1:51   SCV  
  21  2:01   Marine  
  22  2:03   SCV  
  22  2:08   Factory  
  22  2:13   Refinery  
  22  2:15   SCV  
  22  2:22   Barracks Reactor  
  23  2:33   Supply Depot  
  24  2:54   Hellion, SCV  
  26  3:04   Orbital Command  
  27  3:06   SCV  
  27  3:15   Starport  
  29  3:16   Hellion, Marine  
  31  3:19   Marine  
  32  3:34   Marine  
Spawning Tool Build Advisor. Get it on Overwolf

Go to:

Details

  • Created by: DarkRaven
  • Published on: Mar 07, 2017
  • Modified on: Mar 07, 2017
  • Patch: 3.8.0
Show
View Real Time Build Order
Export as new Build Order

Comments (1)

On April 3, 2017, 10:38 p.m., The_Malcman  said:

This says it's a hellbat push and yet there is no armory in the build.

Create an account to comment!